 Dungeon Crawl Stone Soup version 0.19-a0-1875-g4fea3da (webtiles) character file.

200 Alarkh the Poker (level 5, -6/38 HPs)
             Began as a Mummy Skald on Oct 13, 2016.
             Killed from afar by an orc wizard (19 damage)
             ... with a puff of flame
             ... on level 3 of the Dungeon.
             The game lasted 00:04:22 (3111 turns).

Alarkh the Poker (Mummy Skald)                      Turns: 3111, Time: 00:04:23

Health: -6/38      AC:  4    Str: 15    XL:     5   Next: 48%
Magic:  9/9        EV: 14    Int: 13    God:
Gold:   136        SH:  0    Dex: 11    Spells: 3 memorised, 4 levels left

rFire  x . .     SeeInvis .     a - +0 spear
rCold  + . .     Gourm    .     b - +0 leather armour
rNeg   + + +     Faith    .     (no shield)
rPois  ∞         Spirit   .     h - +0 helmet
rElec  .         Dismiss  .     (no cloak)
rCorr  .         Reflect  .     (no gloves)
MR     .....     Harm     .     (no boots)
Stlth  +.........               (no amulet)
                                l - ring of wizardry
                                f - +3 ring of evasion

@: no status effects
A: no food or potions, fire vulnerability, cold resistance 1, negative energy
resistance 3, torment resistance, unbreathing
a: no special abilities


You were on level 3 of the Dungeon.
You were not hungry.

You visited 1 branch of the dungeon, and saw 3 of its levels.

You collected 136 gold pieces.

Inventory:

Hand Weapons
 a - a +0 spear (weapon)
 o - a +0 short sword of venom
Armour
 b - a +0 leather armour (worn)
 h - a +0 helmet (worn)
Jewellery
 f - a +3 ring of evasion (left hand)
 l - a ring of wizardry (right hand)
Scrolls
 d - a scroll of teleportation
 e - a scroll of identify
 g - a scroll of enchant weapon
 i - a scroll of magic mapping
 j - a scroll of enchant armour {unknown}
 k - a scroll of noise {unknown}
 n - a scroll of random uselessness {unknown}
 p - 2 scrolls of remove curse {unknown}
 q - a scroll of amnesia {unknown}
Books
 c - a book of Battle

   Spells                             Type                      Level
   a - Infusion                       Charms                       1
   b - Shroud of Golubria             Charms/Translocation         2
   c - Song of Slaying                Charms                       2
   d - Spectral Weapon                Hexes/Charms                 3
   e - Regeneration                   Charms/Necromancy            3
 m - a book of Minor Magic

   Spells                             Type                      Level
   a - Magic Dart                     Conjuration                  1
   b - Blink                          Translocation                2
   c - Call Imp                       Summoning                    2
   d - Repel Missiles                 Charms/Air                   2
   e - Slow                           Hexes                        2
   f - Conjure Flame                  Conjuration/Fire             3
   g - Mephitic Cloud                 Conjuration/Poison/Air       3


   Skills:
 - Level 2.0 Fighting
 + Level 3.6 Polearms
 - Level 0.7 Armour
 - Level 0.7 Dodging
 + Level 3.0 Spellcasting
 + Level 3.3 Charms


You had 4 spell levels left.
You knew the following spells:

 Your Spells              Type           Power        Failure   Level  Hunger
a - Spectral Weapon       Hex/Chrm       #.......     24%         3    N/A
b - Shroud of Golubria    Chrm/Tloc      #.........   10%         2    N/A
c - Infusion              Chrm           ##..         4%          1    N/A

Dungeon Overview and Level Annotations

Branches:
Dungeon (3/15)

Altars:
Ashenzari
Kikubaaqudgha
Ru


Innate Abilities, Weirdness & Mutations

You do not eat or drink.
Your flesh is vulnerable to fire.
You are immune to poison.
Your flesh is cold resistant. (rC+)
You are immune to negative energy. (rN+++)
You are immune to unholy pain and torment.
You can survive without breathing.


Message History

Your spectral weapon barely misses the orc priest.
You hit the orc priest.
The orc priest is almost dead.
Your spectral weapon hits the orc priest but does no damage.
The orc priest hits your spectral weapon but does no damage.
You hit the orc priest.
You kill the orc priest!
Your Spellcasting skill increases to level 3!
You start resting.
Your spectral weapon fades away.
You start resting.
Magic restored.
You start resting.
The orc wizard shouts!
The orc wizard casts a spell at you. The puff of frost misses you.
The orc wizard casts a spell at you. The puff of flame hits you!
The fire burns you terribly!
Ouch! That really hurt!
You die...

##.....#.....#####..........###
..............#.........#.....#
................###...).o.....##
...............####()#.o###..).##
.................).)#..## #.)...#
..........(.....#...#.## #....(#
.......................# #.#....
#.............#........# #..##..
##.....#.....##.@...(..# ##.....
###..>...##.##.###...## ##.###
#......##.#..# #.#.... ... #
#...........## ..#........ #
#####..(....# #.#......... #
#.##....# #. ........ ###
#.##)#..# .. ....... ..#
#.#)[#(## #.# #.#<##..


You could see an orc wizard.

Vanquished Creatures
  2 orc priests
  An orc wizard (D:3)
  An adder (D:3)
  3 oozes (D:1)
  A worm (D:2)
  5 dart slugs
  2 leopard geckos
  5 orcs (D:3)
  2 ball pythons
  7 bats
  3 giant cockroaches
  4 goblins
  6 hobgoblins
  7 jackals (D:3)
  11 kobolds
  2 quokkas (D:2)
  6 frilled lizards
  3 rats
71 creatures vanquished.

Notes
Turn   | Place    | Note
-------+----------+-------------------------------------------
     0 | D:1      | Alarkh the Mummy Skald began the quest for the Orb.
     0 | D:1      | Reached XP level 1. HP: 16/16 MP: 3/3
    49 | D:1      | Reached XP level 2. HP: 14/22 MP: 3/5
   460 | D:1      | Reached XP level 3. HP: 23/27 MP: 0/6
   464 | D:1      | Learned a level 2 spell: Shroud of Golubria
   468 | D:1      | Learned a level 3 spell: Spectral Weapon
  1099 | D:2      | Found a shattered altar of Ashenzari.
  1651 | D:2      | Reached XP level 4. HP: 33/33 MP: 4/7
  1654 | D:2      | Found an ancient bone altar of Kikubaaqudgha.
  1692 | D:2      | Found a sacrificial altar of Ru.
  2676 | D:3      | Reached XP level 5. HP: 22/38 MP: 1/8
  3111 | D:3      | Killed from afar by an orc wizard

Vault maps used:
D:1:      minmay_arrival_split_and_join
D:2:      nicolae_overflow_hidden_temple, kiku_gazebo_garden_becter,
          evilmike_ruin_ashenzari
D:3:      fedhas_altar_3

Skill      XL: |  1  2  3  4  5 |
---------------+----------------+-----
Polearms       | 2 3 |  3.6
Charms         | 3 |  3.3
Spellcasting   | 3 |  3.0
Fighting       | |  2.0
Armour         | |  0.7
Dodging        | |  0.7

Action                   |  1- 3 |  4- 6 || total
-------------------------+-------+-------++-------
Melee: Spear             |   140 |   133 ||   273
 Cast: Infusion          |    25 |     2 ||    27
       Spectral Weapon   |       |    16 ||    16
       Shroud of Golubri |       |     1 ||     1
  Use: Scroll            |       |     3 ||     3
 Stab: Distracted        |       |     1 ||     1
Armor: Leather armour    |    25 |    31 ||    56
Dodge: Dodged            |    64 |    59 ||   123
